Nordiques vs Jets

Created - April 19, 2020 at 19:13

Goals
1 2 3 T
Nordiques 1 1 1 3
Jets 0 1 0 1
Shots
1 2 3 T
Nordiques 5 9 6 20
Jets 11 14 16 41

1st period

1. Nordiques , Jiri Hudler 15 (Tim Connolly 27) at 10:34

Penalties :
Jacob Trouba (Win) for Hooking (Minor) at 4:20, David Legwand (Que) for Roughing (Minor) at 13:51

2nd period

2. Nordiques , Ryan Ellis 12 (Maxim Talbot 30, Jay Bouwmeester 20) at 6:06
3. Jets , Derek Roy 15 (Kevin Hayes 11, Erik Haula 12) at 7:26

Penalties :
Jacob Trouba (Win) for Hooking (Minor) at 14:04

3rd period

4. Nordiques , Jiri Hudler 16 (Tim Connolly 28, Ryan Ellis 69) at 7:45

Penalties :
Jay Bouwmeester (Que) for Roughing (Minor) at 2:03, Derek Stepan (Win) for High sticking (Minor) at 3:09, R.J. Umberger (Que) for Interference (Minor) at 12:46, Adam Henrique (Win) for Roughing (Minor) at 12:53, Jay Bouwmeester (Que) for Hooking (Minor) at 13:17

Goalie Stats

Jonathan Quick (Que), 40 saves from 41 shots - (0.976), W, 31-15-6, 60:00 minutes
Jonathan Bernier (Win), 17 saves from 20 shots - (0.850), L, 21-21-2, 60:00 minutes

Players Stats for Nordiques

Player Name              G  A  P  +/- PIM S  H  SB GA TA FO     MP     PP MP  PK MP  
------------------------------------------------------------------------------------
Adam Pineault            0  0  0   0  0   0  0  0  0  0  0/0     5:35   0:00   0:00 
David Legwand            0  0  0  -1  2   2  2  0  0  0  13/24  18:14   2:41   0:03 
Dustin Byfuglien         0  0  0   1  0   0  0  1  0  0  0/0    15:36   0:00   2:05 
Evander Kane             0  0  0  -1  0   3  0  1  0  1  1/2    22:24   2:44   2:48 
Fedor Tyutin             0  0  0   0  0   1  2  0  1  0  0/0    20:02   2:12   1:39 
Jay Bouwmeester          0  1  1   1  4   3  2  2  0  1  0/0    23:29   2:31   1:20 
Jiri Hudler              2  0  2   2  0   2  1  0  0  0  0/0    17:57   2:20   0:00 
Maxim Talbot             0  1  1   1  0   1  2  0  0  0  2/3    12:23   0:00   0:21 
Mike Brown               0  0  0   1  0   1  1  0  0  0  1/2    13:13   0:00   1:14 
Mike Fisher              0  0  0   0  0   0  1  0  0  0  0/0     5:12   0:00   0:00 
Paul Gaustad             0  0  0   0  0   0  0  0  0  0  0/0     1:57   0:00   0:00 
R.J. Umberger            0  0  0   2  2   1  1  0  0  0  0/0    18:05   2:20   0:04 
Ryan Ellis               1  1  2   1  0   2  1  0  0  1  0/0    26:34   2:52   3:25 
T.J. Fast                0  0  0   1  0   0  1  3  1  0  0/0    14:41   0:24   0:00 
Tim Connolly             0  2  2   2  0   0  2  1  0  0  10/15  18:44   2:20   0:40 
Trevor Daley             0  0  0   0  0   0  0  4  0  1  0/0    20:02   2:12   1:39 
Vladimir Tarasenko       0  0  0  -1  0   3  2  0  0  0  9/12   26:44   2:44   3:12 
Zac Rinaldo              0  0  0   1  0   1  0  0  0  0  0/0    11:08   0:00   0:18 

Players Stats for Jets

Player Name              G  A  P  +/- PIM S  H  SB GA TA FO     MP     PP MP  PK MP  
------------------------------------------------------------------------------------
Adam Henrique            0  0  0   0  2   8  0  1  1  0  0/3    18:56   2:20   0:02 
Bobby Ryan               0  0  0   0  0   6  0  0  0  0  0/0    19:39   1:15   3:02 
Derek Roy                1  0  1   0  0   4  0  0  0  0  2/7     9:41   0:00   0:00 
Derek Stepan             0  0  0   0  2   3  3  1  0  0  12/29  18:50   1:56   0:00 
Eric Gelinas             0  0  0  -1  0   3  1  2  0  0  0/0    22:02   1:07   2:46 
Erik Haula               0  1  1   0  0   0  0  0  0  0  2/3    15:39   0:24   3:10 
Jacob Trouba             0  0  0   1  4   0  0  0  1  0  0/0    13:13   0:00   0:33 
Jared Spurgeon           0  0  0   1  0   1  1  0  0  1  0/0    12:35   0:00   0:00 
Kevin Hayes              0  1  1   0  0   2  2  0  1  0  0/0     9:41   0:00   0:00 
Marco Scandella          0  0  0  -2  0   0  1  2  0  0  0/0    27:42   2:53   2:36 
Marcus Johansson         0  0  0   0  0   2  1  0  0  0  0/0    17:10   1:39   0:34 
Nino Niederreiter        0  0  0   0  0   4  2  0  0  1  0/0    17:23   1:51   1:26 
Oscar Klefbom            0  0  0  -1  0   1  0  1  1  0  0/0    19:07   0:43   1:55 
Ronalds Kenins           0  0  0  -2  0   1  3  1  0  0  0/0     8:17   0:00   0:00 
Ryan Johansen            0  0  0   0  0   4  1  0  0  0  6/13   19:35   1:15   1:51 
Ryan Strome              0  0  0  -2  0   0  2  0  0  0  0/0     8:42   0:06   0:00 
Sam Gagner               0  0  0  -2  0   0  0  0  0  0  0/3     8:25   0:00   0:03 
Tyler Myers              0  0  0  -2  0   2  3  1  0  0  0/0    25:23   2:29   2:18 

3 Stars

1 - Jonathan Quick (Que)
2 - Jiri Hudler (Que)
3 - Ryan Ellis (Que)

Power Play

Nordiques - 0 on 4 Attempt(s) - 0.00%
Jets - 0 on 4 Attempt(s) - 0.00%

Penalty Kill

Nordiques - 4 on 4 Attempt(s) - 100.00% - Score 0 goal in Penalty Kill
Jets - 4 on 4 Attempt(s) - 100.00% - Score 0 goal in Penalty Kill

Team Stat

Nordiques - Hits : 18 - Faceoff Wins : 36 - Blocked Shots : 12 - Penalty Minutes : 8
Jets - Hits : 20 - Faceoff Wins : 22 - Blocked Shots : 9 - Penalty Minutes : 8

Official

Referees : Unknown
Linesman : Unknown

Game Notes

No Game Note

Finance

Level 1 -- Attendance: 5798 (96.63%) -- Ticket Income $608,790
Level 2 -- Attendance: 4479 (89.58%) -- Ticket Income $300,093
Level 3 -- Attendance: 1584 (79.20%) -- Ticket Income $69,696
Level 4 -- Attendance: 3954 (98.85%) -- Ticket Income $102,804
Luxury Box -- Attendance: 1000 (100.00%) -- Ticket Income $185,000
Game was played at the MTS Center.
Total Attendance: 16815 (93.42%)
Total Ticket Income: $1,266,383
Other Income: $189,957
Total Income: $1,456,340

Nordiques

5 vs 5 Forward 
   Center                   Left Wing                Right Wing               Time % Phy DF OF 
 1 David Legwand            Evander Kane             Vladimir Tarasenko       40     1   2  2  
 2 Tim Connolly             R.J. Umberger            Jiri Hudler              30     1   2  2  
 3 Maxim Talbot             Zac Rinaldo              Mike Brown               20     1   2  2  
 4 Mike Fisher              Vladimir Tarasenko       Adam Pineault            10     1   2  2  

5 vs 5 Defense 
   Defense                  Defense                                           Time % Phy DF OF 
 1 Ryan Ellis               Jay Bouwmeester                                   40     1   2  2  
 2 Fedor Tyutin             Trevor Daley                                      30     1   2  2  
 3 T.J. Fast                Dustin Byfuglien                                  20     1   2  2  
 4 Ryan Ellis               Jay Bouwmeester                                   10     1   2  2  

PowerPlay Forward 
   Center                   Left Wing                Right Wing               Time % Phy DF OF 
 1 David Legwand            Evander Kane             Vladimir Tarasenko       60     1   2  2  
 2 Tim Connolly             R.J. Umberger            Jiri Hudler              40     1   2  2  

PowerPlay Defense
   Defense                  Defense                                           Time % Phy DF OF 
 1 Ryan Ellis               Jay Bouwmeester                                   60     1   2  2  
 2 Fedor Tyutin             Trevor Daley                                      40     1   2  2  

Penalty Kill 4 Players Forward 
   Center                   Wing                     Time % Phy DF OF 
 1 Vladimir Tarasenko       Evander Kane             60     1   2  2  
 2 David Legwand            Tim Connolly             40     1   2  2  

Penalty Kill 4 Players Defense
   Defense                  Defense                  Time % Phy DF OF 
 1 Ryan Ellis               Jay Bouwmeester          60     1   2  2  
 2 Fedor Tyutin             Trevor Daley             40     1   2  2  

Penalty Kill - 3 Players Forward 
   Forward                                           Time % Phy DF OF 
 1 Vladimir Tarasenko                                60     1   2  2  
 2 Evander Kane                                      40     1   2  2  

Penalty Kill - 3 Players Defense
   Defense                  Defense                  Time % Phy DF OF 
 1 Ryan Ellis               Jay Bouwmeester          60     1   2  2  
 2 Fedor Tyutin             Trevor Daley             40     1   2  2  

4 vs 4 Forward 
   Center                   Wing                     Time % Phy DF OF 
 1 Vladimir Tarasenko       Evander Kane             60     1   2  2  
 2 David Legwand            Tim Connolly             40     1   2  2  

4 vs 4 Defense
   Defense                  Defense                  Time % Phy DF OF 
 1 Ryan Ellis               Jay Bouwmeester          60     1   2  2  
 2 Fedor Tyutin             Trevor Daley             40     1   2  2  

Last Minutes Offensive
   Center                   Left Wing                Right Wing               Defense                  Defense                  
   David Legwand            Evander Kane             Vladimir Tarasenko       Ryan Ellis               Jay Bouwmeester          

Last Minutes Defensive
   Center                   Left Wing                Right Wing               Defense                  Defense                  
   David Legwand            Evander Kane             Vladimir Tarasenko       Ryan Ellis               Jay Bouwmeester          

Goaltenders
Starting : Jonathan Quick           
Backup : Julien Ellis             

Extra Forwards
Normal : Paul Gaustad, Maxim Talbot, Mike Brown - PP : Paul Gaustad, Maxim Talbot - PK : Mike Brown
Extra Defensemen
Normal : T.J. Fast, Dustin Byfuglien, Fedor Tyutin - PP : T.J. Fast - PK : Dustin Byfuglien, Fedor Tyutin
Penalty Shots
Vladimir Tarasenko, Evander Kane, David Legwand, Tim Connolly, R.J. Umberger

Scratches
Cody McLeod (Healthy), Matt Gilroy (Healthy), James Sheppard (Healthy)

Jets

5 vs 5 Forward 
   Center                   Left Wing                Right Wing               Time % Phy DF OF 
 1 Derek Stepan             Adam Henrique            Bobby Ryan               37     1   1  3  
 2 Ryan Johansen            Marcus Johansson         Nino Niederreiter        34     1   1  3  
 3 Derek Roy                Erik Haula               Kevin Hayes              19     1   2  2  
 4 Sam Gagner               Ronalds Kenins           Ryan Strome              10     1   2  2  

5 vs 5 Defense 
   Defense                  Defense                                           Time % Phy DF OF 
 1 Marco Scandella          Tyler Myers                                       40     1   2  2  
 2 Eric Gelinas             Oscar Klefbom                                     30     1   2  2  
 3 Jared Spurgeon           Jacob Trouba                                      20     1   2  2  
 4 Marco Scandella          Tyler Myers                                       10     1   2  2  

PowerPlay Forward 
   Center                   Left Wing                Right Wing               Time % Phy DF OF 
 1 Derek Stepan             Adam Henrique            Nino Niederreiter        60     1   0  4  
 2 Ryan Johansen            Marcus Johansson         Bobby Ryan               40     0   0  5  

PowerPlay Defense
   Defense                  Defense                                           Time % Phy DF OF 
 1 Marco Scandella          Tyler Myers                                       60     0   1  4  
 2 Eric Gelinas             Oscar Klefbom                                     40     0   1  4  

Penalty Kill 4 Players Forward 
   Center                   Wing                     Time % Phy DF OF 
 1 Erik Haula               Bobby Ryan               60     1   3  1  
 2 Ryan Johansen            Nino Niederreiter        40     2   3  0  

Penalty Kill 4 Players Defense
   Defense                  Defense                  Time % Phy DF OF 
 1 Marco Scandella          Tyler Myers              60     1   4  0  
 2 Jacob Trouba             Eric Gelinas             40     1   4  0  

Penalty Kill - 3 Players Forward 
   Forward                                           Time % Phy DF OF 
 1 Erik Haula                                        60     0   4  1  
 2 Nino Niederreiter                                 40     0   4  1  

Penalty Kill - 3 Players Defense
   Defense                  Defense                  Time % Phy DF OF 
 1 Marco Scandella          Tyler Myers              60     0   4  1  
 2 Eric Gelinas             Jacob Trouba             40     0   4  1  

4 vs 4 Forward 
   Center                   Wing                     Time % Phy DF OF 
 1 Derek Stepan             Adam Henrique            60     1   2  2  
 2 Ryan Johansen            Marcus Johansson         40     1   2  2  

4 vs 4 Defense
   Defense                  Defense                  Time % Phy DF OF 
 1 Marco Scandella          Eric Gelinas             60     1   2  2  
 2 Tyler Myers              Oscar Klefbom            40     1   2  2  

Last Minutes Offensive
   Center                   Left Wing                Right Wing               Defense                  Defense                  
   Derek Stepan             Adam Henrique            Nino Niederreiter        Oscar Klefbom            Marco Scandella          

Last Minutes Defensive
   Center                   Left Wing                Right Wing               Defense                  Defense                  
   Ryan Johansen            Erik Haula               Nino Niederreiter        Marco Scandella          Tyler Myers              

Goaltenders
Starting : Jonathan Bernier         
Backup : Kari Lehtonen            

Extra Forwards
Normal : Ryan Johansen, Erik Haula, Marcus Johansson - PP : Derek Stepan, Adam Henrique - PK : Bobby Ryan
Extra Defensemen
Normal : Tyler Myers, Marco Scandella, Eric Gelinas - PP : Tyler Myers - PK : Marco Scandella, Eric Gelinas
Penalty Shots
Ryan Johansen, Erik Haula, Adam Henrique, Sam Gagner, Marcus Johansson

Scratches
None


% Time on Ice - Nordiques

Lines # - Real PCT - Wanted PCT - Time Play
Normal Forward
1 - 33% - 40% - 16:05
2 - 34% - 30% - 16:21
3 - 22% - 20% - 10:50
4 - 11% - 10% - 5:12
Normal Defense
1 - 36% - 40% - 17:38
2 - 33% - 30% - 16:11
3 - 28% - 20% - 13:24
4 - 3% - 10% - 1:15
PP Forward
1 - 54% - 60% - 2:44
2 - 46% - 40% - 2:20
PP Defense
1 - 57% - 60% - 2:52
2 - 43% - 40% - 2:12
PK Forward
1 - 81% - 60% - 2:56
2 - 19% - 40% - 0:40
PK Defense
1 - 69% - 60% - 2:30
2 - 31% - 40% - 1:06
PK3 Forward
1 - 84% - 60% - 1:14
2 - 16% - 40% - 0:14
PK3 Defense
1 - 63% - 60% - 0:55
2 - 38% - 40% - 0:33
44 Forward
1 - 100% - 60% - 1:24
2 - 0% - 40% - 0:00
44 Defense
1 - 100% - 60% - 1:24
2 - 0% - 40% - 0:00
Last Minute Offensive  - 0:00
Last Minute Defensive  - 0:00
Total
Forward - 60:00
Defense - 60:00

% Time on Ice - Jets

Lines # - Real PCT - Wanted PCT - Time Play
Normal Forward
1 - 33% - 37% - 16:11
2 - 31% - 34% - 15:01
3 - 20% - 19% - 9:41
4 - 16% - 10% - 7:35
Normal Defense
1 - 38% - 40% - 18:36
2 - 32% - 30% - 15:43
3 - 26% - 20% - 12:35
4 - 3% - 10% - 1:34
PP Forward
1 - 65% - 60% - 2:21
2 - 35% - 40% - 1:15
PP Defense
1 - 80% - 60% - 2:53
2 - 20% - 40% - 0:43
PK Forward
1 - 72% - 60% - 3:38
2 - 28% - 40% - 1:26
PK Defense
1 - 51% - 60% - 2:36
2 - 49% - 40% - 2:28
PK3 Forward
1 - 0% - 60%
2 - 0% - 40%
PK3 Defense
1 - 0% - 60%
2 - 0% - 40%
44 Forward
1 - 100% - 60% - 2:52
2 - 0% - 40% - 0:00
44 Defense
1 - 72% - 60% - 2:03
2 - 28% - 40% - 0:49
Last Minute Offensive  - 0:00
Last Minute Defensive  - 0:00
Total
Forward - 60:00
Defense - 60:00

Play-by-Play

1st period


0:01 of 1st period - David Legwand wins face-off versus Derek Stepan in neutral zone.
0:10 of 1st period - Wrist shot by Derek Stepan.
0:10 of 1st period - Stopped by Jonathan Quick with a rebound.
0:12 of 1st period - Slapshot by Tyler Myers.
0:12 of 1st period - Stopped by Jonathan Quick without a rebound.
0:13 of 1st period - Ryan Johansen wins face-off versus Tim Connolly in Nordiques zone.
0:16 of 1st period - Wrist shot by Nino Niederreiter.
0:16 of 1st period - Shot Misses the Net.
1:15 of 1st period - Oscar Klefbom is hit by David Legwand and loses puck.
1:46 of 1st period - Marco Scandella is hit by Ryan Ellis and loses puck.
2:07 of 1st period - Trevor Daley is hit by Tyler Myers and loses puck.
2:16 of 1st period - Backhand shot by Kevin Hayes.
2:16 of 1st period - Stopped by Jonathan Quick with a rebound.
2:32 of 1st period - Snap shot by Adam Henrique.
2:32 of 1st period - Stopped by Jonathan Quick without a rebound.
2:33 of 1st period - Derek Stepan wins face-off versus Tim Connolly in Nordiques zone.
2:34 of 1st period - Snap shot by Adam Henrique.
2:34 of 1st period - Shot Blocked by Tim Connolly.
2:56 of 1st period - Adam Henrique is hit by T.J. Fast and loses puck.
3:24 of 1st period - Icing by Tyler Myers.
3:25 of 1st period - David Legwand wins face-off versus Adam Henrique in Jets zone.
3:26 of 1st period - Slapshot by Evander Kane.
3:26 of 1st period - Stopped by Jonathan Bernier with a rebound.
3:44 of 1st period - Slapshot by Adam Henrique.
3:44 of 1st period - Stopped by Jonathan Quick without a rebound.
3:45 of 1st period - Mike Brown wins face-off versus Ryan Johansen in Nordiques zone.
3:45 of 1st period - Mike Brown is hit by Ryan Johansen.
3:56 of 1st period - Slapshot by Ryan Ellis.
3:56 of 1st period - Shot Misses the Net.
4:20 of 1st period - Minor Penalty to Jacob Trouba for Hooking.
4:21 of 1st period - David Legwand wins face-off versus Erik Haula in Jets zone.
4:30 of 1st period - Wrist shot by Evander Kane.
4:30 of 1st period - Shot Blocked by Marco Scandella.
4:32 of 1st period - Slapshot by Jay Bouwmeester.
4:32 of 1st period - Shot Misses the Net.
4:53 of 1st period - Slapshot by Fedor Tyutin.
4:53 of 1st period - Stopped by Jonathan Bernier with a rebound.
6:20 of 1st period - Penalty to Jacob Trouba is over, Jacob Trouba is back on ice.
6:33 of 1st period - Jacob Trouba is hit by Fedor Tyutin and loses puck.
6:48 of 1st period - Wrist shot by Adam Pineault.
6:48 of 1st period - Shot Misses the Net.
7:04 of 1st period - Ryan Johansen is hit by Mike Fisher and loses puck.
7:36 of 1st period - Snap shot by Sam Gagner.
7:36 of 1st period - Deflect By Ronalds Kenins.
7:36 of 1st period - Stopped by Jonathan Quick without a rebound.
7:37 of 1st period - Maxim Talbot wins face-off versus Derek Stepan in Nordiques zone.
7:51 of 1st period - Wrist shot by Adam Henrique.
7:51 of 1st period - Stopped by Jonathan Quick with a rebound.
7:53 of 1st period - Snap shot by Bobby Ryan.
7:53 of 1st period - Stopped by Jonathan Quick without a rebound.
7:54 of 1st period - Ryan Johansen wins face-off versus David Legwand in Nordiques zone.
8:07 of 1st period - Snap shot by Ryan Johansen.
8:07 of 1st period - Stopped by Jonathan Quick with a rebound.
8:09 of 1st period - Snap shot by Tyler Myers.
8:09 of 1st period - Stopped by Jonathan Quick without a rebound.
8:10 of 1st period - David Legwand wins face-off versus Derek Roy in Nordiques zone.
8:36 of 1st period - Marcus Johansson is hit by R.J. Umberger and loses puck.
9:06 of 1st period - Slapshot by Jay Bouwmeester.
9:06 of 1st period - Shot Misses the Net.
9:36 of 1st period - Snap shot by Ryan Johansen.
9:36 of 1st period - Shot Blocked by Evander Kane.
10:09 of 1st period - Snap shot by Derek Stepan.
10:09 of 1st period - Stopped by Jonathan Quick with a rebound.
10:11 of 1st period - Slapshot by Jacob Trouba.
10:11 of 1st period - Shot Misses the Net.
10:30 of 1st period - Icing by Marcus Johansson.
10:31 of 1st period - Tim Connolly wins face-off versus Sam Gagner in Jets zone.
10:34 of 1st period - Snap shot by Jiri Hudler.
10:34 of 1st period - Goal by Jiri Hudler - Nordiques : 1 - Jets : 0.
10:35 of 1st period - Ryan Johansen wins face-off versus David Legwand in neutral zone.
11:08 of 1st period - Snap shot by Ryan Ellis.
11:08 of 1st period - Stopped by Jonathan Bernier without a rebound.
11:09 of 1st period - David Legwand wins face-off versus Derek Stepan in Jets zone.
11:12 of 1st period - Snap shot by Evander Kane.
11:12 of 1st period - Shot Misses the Net.
11:14 of 1st period - Snap shot by Trevor Daley.
11:14 of 1st period - Shot Misses the Net.
11:16 of 1st period - Slapshot by David Legwand.
11:16 of 1st period - Stopped by Jonathan Bernier with a rebound.
11:20 of 1st period - Wrist shot by Evander Kane.
11:20 of 1st period - Shot Misses the Net.
11:22 of 1st period - Wrist shot by Evander Kane.
11:22 of 1st period - Deflect By Bobby Ryan.
11:22 of 1st period - Shot Blocked by Derek Stepan.
11:22 of 1st period - Puck is out of play.
11:23 of 1st period - David Legwand wins face-off versus Derek Stepan in Jets zone.
11:26 of 1st period - Wrist shot by Evander Kane.
11:26 of 1st period - Shot Misses the Net.
11:54 of 1st period - Ryan Johansen is hit by Jiri Hudler and loses puck.
12:03 of 1st period - R.J. Umberger is hit by Tyler Myers and loses puck.
12:39 of 1st period - Adam Pineault is hit by Ryan Strome and loses puck.
13:25 of 1st period - Wrist shot by Maxim Talbot.
13:25 of 1st period - Shot Misses the Net.
13:27 of 1st period - Snap shot by Mike Brown.
13:27 of 1st period - Shot Blocked by Eric Gelinas.
13:36 of 1st period - Off-side.
13:37 of 1st period - Derek Roy wins face-off versus David Legwand in neutral zone.
13:51 of 1st period - Minor Penalty to David Legwand for Roughing.
13:52 of 1st period - Derek Stepan wins face-off versus Vladimir Tarasenko in Nordiques zone.
15:51 of 1st period - Penalty to David Legwand is over, David Legwand is back on ice.
15:51 of 1st period - Derek Stepan is hit by Jay Bouwmeester and loses puck.
16:04 of 1st period - Erik Haula is hit by Tim Connolly.
16:18 of 1st period - Maxim Talbot is hit by Ronalds Kenins and loses puck.
16:35 of 1st period - Maxim Talbot is hit by Kevin Hayes and loses puck.
17:42 of 1st period - Jiri Hudler is hit by Ryan Strome.
18:02 of 1st period - Jiri Hudler is hit by Marco Scandella and loses puck.
18:43 of 1st period - Adam Pineault is hit by Derek Stepan and loses puck.
19:43 of 1st period - Dustin Byfuglien is hit by Ronalds Kenins and loses puck.
Goals for this period are 1 for Nordiques vs 0 for Jets.
Shots for this period are 5 for Nordiques vs 11 for Jets.

2nd period


0:01 of 2nd period - Derek Stepan wins face-off versus David Legwand in neutral zone.
0:09 of 2nd period - Adam Henrique is hit by Vladimir Tarasenko and loses puck.
0:26 of 2nd period - Ryan Ellis is hit by Tyler Myers and loses puck.
0:39 of 2nd period - Snap shot by Derek Roy.
0:39 of 2nd period - Stopped by Jonathan Quick without a rebound.
0:40 of 2nd period - Tim Connolly wins face-off versus Ryan Johansen in Nordiques zone.
1:29 of 2nd period - Ryan Ellis is hit by Eric Gelinas.
2:32 of 2nd period - Snap shot by Marcus Johansson.
2:32 of 2nd period - Shot Blocked by T.J. Fast.
2:58 of 2nd period - Snap shot by Marcus Johansson.
2:58 of 2nd period - Shot Blocked by T.J. Fast.
3:00 of 2nd period - Slapshot by Ryan Johansen.
3:00 of 2nd period - Shot Misses the Net.
3:02 of 2nd period - Slapshot by Ryan Johansen.
3:02 of 2nd period - Stopped by Jonathan Quick without a rebound.
3:03 of 2nd period - Derek Stepan wins face-off versus Tim Connolly in Nordiques zone.
3:04 of 2nd period - Snap shot by Adam Henrique.
3:04 of 2nd period - Stopped by Jonathan Quick without a rebound.
3:05 of 2nd period - Tim Connolly wins face-off versus Derek Stepan in Nordiques zone.
3:20 of 2nd period - Backhand shot by Adam Henrique.
3:20 of 2nd period - Stopped by Jonathan Quick with a rebound.
3:22 of 2nd period - Slapshot by Jared Spurgeon.
3:22 of 2nd period - Shot Misses the Net.
3:31 of 2nd period - Trevor Daley is hit by Jared Spurgeon and loses puck.
3:40 of 2nd period - Wrist shot by Maxim Talbot.
3:40 of 2nd period - Stopped by Jonathan Bernier with a rebound.
3:42 of 2nd period - Slapshot by Maxim Talbot.
3:42 of 2nd period - Shot Misses the Net.
3:56 of 2nd period - Slapshot by Jay Bouwmeester.
3:56 of 2nd period - Stopped by Jonathan Bernier without a rebound.
3:57 of 2nd period - Tim Connolly wins face-off versus Sam Gagner in Jets zone.
4:08 of 2nd period - Snap shot by Tim Connolly.
4:08 of 2nd period - Shot Misses the Net.
4:14 of 2nd period - Wrist shot by R.J. Umberger.
4:14 of 2nd period - Shot Blocked by Tyler Myers.
4:29 of 2nd period - Snap shot by David Legwand.
4:29 of 2nd period - Stopped by Jonathan Bernier with a rebound.
4:51 of 2nd period - Snap shot by Maxim Talbot.
4:51 of 2nd period - Shot Misses the Net.
4:53 of 2nd period - Snap shot by Mike Brown.
4:53 of 2nd period - Stopped by Jonathan Bernier without a rebound.
4:54 of 2nd period - Ryan Johansen wins face-off versus Tim Connolly in Jets zone.
5:05 of 2nd period - Snap shot by Marcus Johansson.
5:05 of 2nd period - Stopped by Jonathan Quick with a rebound.
5:07 of 2nd period - Snap shot by Nino Niederreiter.
5:07 of 2nd period - Stopped by Jonathan Quick with a rebound.
5:09 of 2nd period - Slapshot by Oscar Klefbom.
5:09 of 2nd period - Stopped by Jonathan Quick without a rebound.
5:10 of 2nd period - Derek Stepan wins face-off versus David Legwand in Nordiques zone.
5:11 of 2nd period - Snap shot by Adam Henrique.
5:11 of 2nd period - Stopped by Jonathan Quick with a rebound.
5:13 of 2nd period - Wrist shot by Bobby Ryan.
5:13 of 2nd period - Stopped by Jonathan Quick without a rebound.
5:14 of 2nd period - David Legwand wins face-off versus Derek Stepan in Nordiques zone.
6:06 of 2nd period - Slapshot by Ryan Ellis.
6:06 of 2nd period - Goal by Ryan Ellis - Nordiques : 2 - Jets : 0.
6:07 of 2nd period - David Legwand wins face-off versus Derek Stepan in neutral zone.
6:24 of 2nd period - Snap shot by Vladimir Tarasenko.
6:24 of 2nd period - Stopped by Jonathan Bernier with a rebound.
6:34 of 2nd period - Jiri Hudler is hit by Nino Niederreiter and loses puck.
6:55 of 2nd period - Zac Rinaldo is hit by Kevin Hayes and loses puck.
7:00 of 2nd period - Snap shot by Kevin Hayes.
7:00 of 2nd period - Stopped by Jonathan Quick without a rebound.
7:01 of 2nd period - David Legwand wins face-off versus Derek Roy in Nordiques zone.
7:16 of 2nd period - Snap shot by Erik Haula.
7:16 of 2nd period - Shot Blocked by Jay Bouwmeester.
7:18 of 2nd period - Slapshot by Jacob Trouba.
7:18 of 2nd period - Shot Misses the Net.
7:20 of 2nd period - Slapshot by Jared Spurgeon.
7:20 of 2nd period - Shot Misses the Net.
7:22 of 2nd period - Slapshot by Jacob Trouba.
7:22 of 2nd period - Shot Hit the Post.
7:24 of 2nd period - Snap shot by Erik Haula.
7:24 of 2nd period - Shot Misses the Net.
7:26 of 2nd period - Snap shot by Kevin Hayes.
7:26 of 2nd period - Deflect By Derek Roy.
7:26 of 2nd period - Goal by Derek Roy - Nordiques : 2 - Jets : 1.
7:27 of 2nd period - Derek Stepan wins face-off versus David Legwand in neutral zone.
7:30 of 2nd period - Snap shot by Adam Henrique.
7:30 of 2nd period - Stopped by Jonathan Quick with a rebound.
7:46 of 2nd period - Marco Scandella is hit by Jay Bouwmeester and loses puck.
8:21 of 2nd period - Snap shot by Mike Brown.
8:21 of 2nd period - Shot Misses the Net.
8:41 of 2nd period - Snap shot by Ryan Ellis.
8:41 of 2nd period - Shot Blocked by Ronalds Kenins.
8:43 of 2nd period - Slapshot by Ryan Ellis.
8:43 of 2nd period - Shot Blocked by Eric Gelinas.
8:45 of 2nd period - Snap shot by Jay Bouwmeester.
8:45 of 2nd period - Stopped by Jonathan Bernier without a rebound.
8:46 of 2nd period - Tim Connolly wins face-off versus Derek Stepan in Jets zone.
9:03 of 2nd period - Wrist shot by R.J. Umberger.
9:03 of 2nd period - Stopped by Jonathan Bernier with a rebound.
9:36 of 2nd period - Snap shot by Kevin Hayes.
9:36 of 2nd period - Shot Misses the Net.
9:46 of 2nd period - Snap shot by Zac Rinaldo.
9:46 of 2nd period - Stopped by Jonathan Bernier with a rebound.
10:32 of 2nd period - Snap shot by Maxim Talbot.
10:32 of 2nd period - Shot Misses the Net.
10:38 of 2nd period - Zac Rinaldo is hit by Marcus Johansson and loses puck.
12:18 of 2nd period - Trevor Daley is hit by Derek Stepan and loses puck.
14:04 of 2nd period - Minor Penalty to Jacob Trouba for Hooking.
14:05 of 2nd period - Erik Haula wins face-off versus David Legwand in Jets zone.
14:11 of 2nd period - Icing by Ryan Ellis.
14:12 of 2nd period - Erik Haula wins face-off versus David Legwand in Nordiques zone.
14:13 of 2nd period - Slapshot by Bobby Ryan.
14:13 of 2nd period - Stopped by Jonathan Quick with a rebound.
14:21 of 2nd period - Erik Haula is hit by Vladimir Tarasenko and loses puck.
14:48 of 2nd period - Backhand shot by R.J. Umberger.
14:48 of 2nd period - Shot Misses the Net.
15:04 of 2nd period - Snap shot by Nino Niederreiter.
15:04 of 2nd period - Stopped by Jonathan Quick without a rebound.
15:05 of 2nd period - Tim Connolly wins face-off versus Ryan Johansen in Nordiques zone.
15:14 of 2nd period - Snap shot by R.J. Umberger.
15:14 of 2nd period - Shot Misses the Net.
15:20 of 2nd period - Snap shot by R.J. Umberger.
15:20 of 2nd period - Shot Blocked by Oscar Klefbom.
16:04 of 2nd period - Penalty to Jacob Trouba is over, Jacob Trouba is back on ice.
17:15 of 2nd period - Icing by Ronalds Kenins.
17:16 of 2nd period - Derek Stepan wins face-off versus Vladimir Tarasenko in Jets zone.
18:23 of 2nd period - Off-side.
18:24 of 2nd period - Maxim Talbot wins face-off versus Derek Roy in neutral zone.
18:49 of 2nd period - Wrist shot by Jiri Hudler.
18:49 of 2nd period - Shot Misses the Net.
18:59 of 2nd period - Snap shot by R.J. Umberger.
18:59 of 2nd period - Shot Misses the Net.
19:37 of 2nd period - Wrist shot by Derek Roy.
19:37 of 2nd period - Shot Blocked by T.J. Fast.
Goals for this period are 1 for Nordiques vs 1 for Jets.
Shots for this period are 9 for Nordiques vs 14 for Jets.

3rd period


0:01 of 3rd period - Derek Stepan wins face-off versus David Legwand in neutral zone.
0:06 of 3rd period - Slapshot by Derek Stepan.
0:06 of 3rd period - Stopped by Jonathan Quick with a rebound.
0:10 of 3rd period - Slapshot by Adam Henrique.
0:10 of 3rd period - Shot Blocked by Jay Bouwmeester.
0:26 of 3rd period - Marcus Johansson is hit by Maxim Talbot and loses puck.
0:46 of 3rd period - Icing by Oscar Klefbom.
0:47 of 3rd period - Tim Connolly wins face-off versus Derek Roy in Jets zone.
0:48 of 3rd period - Slapshot by R.J. Umberger.
0:48 of 3rd period - Shot Misses the Net.
1:01 of 3rd period - Icing by Trevor Daley.
1:02 of 3rd period - Derek Stepan wins face-off versus Tim Connolly in Nordiques zone.
1:05 of 3rd period - Snap shot by Bobby Ryan.
1:05 of 3rd period - Shot Blocked by Trevor Daley.
1:38 of 3rd period - Wrist shot by Nino Niederreiter.
1:38 of 3rd period - Deflect By Marcus Johansson.
1:38 of 3rd period - Stopped by Jonathan Quick without a rebound.
1:39 of 3rd period - David Legwand wins face-off versus Derek Stepan in Nordiques zone.
1:39 of 3rd period - David Legwand is hit by Derek Stepan.
1:47 of 3rd period - Snap shot by Vladimir Tarasenko.
1:47 of 3rd period - Stopped by Jonathan Bernier without a rebound.
1:48 of 3rd period - Derek Stepan wins face-off versus David Legwand in Jets zone.
2:01 of 3rd period - Wrist shot by Derek Stepan.
2:01 of 3rd period - Shot Misses the Net.
2:03 of 3rd period - Minor Penalty to Jay Bouwmeester for Roughing.
2:04 of 3rd period - Vladimir Tarasenko wins face-off versus Derek Stepan in Nordiques zone.
2:21 of 3rd period - Icing by Adam Henrique.
2:22 of 3rd period - Vladimir Tarasenko wins face-off versus Derek Stepan in Jets zone.
2:33 of 3rd period - Snap shot by Vladimir Tarasenko.
2:33 of 3rd period - Shot Blocked by Adam Henrique.
2:39 of 3rd period - Snap shot by Adam Henrique.
2:39 of 3rd period - Stopped by Jonathan Quick without a rebound.
2:40 of 3rd period - Vladimir Tarasenko wins face-off versus Ryan Johansen in Nordiques zone.
3:09 of 3rd period - Minor Penalty to Derek Stepan for High sticking.
3:10 of 3rd period - Vladimir Tarasenko wins face-off versus Ryan Johansen in Jets zone.
3:15 of 3rd period - Slapshot by Vladimir Tarasenko.
3:15 of 3rd period - Stopped by Jonathan Bernier without a rebound.
3:16 of 3rd period - Vladimir Tarasenko wins face-off versus Ryan Johansen in Jets zone.
3:33 of 3rd period - Wrist shot by Evander Kane.
3:33 of 3rd period - Stopped by Jonathan Bernier without a rebound.
3:34 of 3rd period - Ryan Johansen wins face-off versus Vladimir Tarasenko in Jets zone.
3:47 of 3rd period - Wrist shot by Ryan Johansen.
3:47 of 3rd period - Stopped by Jonathan Quick without a rebound.
3:48 of 3rd period - Vladimir Tarasenko wins face-off versus Ryan Johansen in Nordiques zone.
4:03 of 3rd period - Penalty to Jay Bouwmeester is over, Jay Bouwmeester is back on ice.
4:51 of 3rd period - Ryan Johansen is hit by Fedor Tyutin.
5:09 of 3rd period - Penalty to Derek Stepan is over, Derek Stepan is back on ice.
6:12 of 3rd period - Icing by Mike Brown.
6:13 of 3rd period - Ryan Johansen wins face-off versus Maxim Talbot in Nordiques zone.
7:45 of 3rd period - Snap shot by Jiri Hudler.
7:45 of 3rd period - Goal by Jiri Hudler - Nordiques : 3 - Jets : 1.
7:46 of 3rd period - Tim Connolly wins face-off versus Derek Stepan in neutral zone.
8:17 of 3rd period - Wrist shot by Ryan Johansen.
8:17 of 3rd period - Stopped by Jonathan Quick with a rebound.
8:32 of 3rd period - Off-side.
8:33 of 3rd period - Derek Roy wins face-off versus Mike Brown in neutral zone.
8:33 of 3rd period - Eric Gelinas is hit by Maxim Talbot and loses puck.
8:48 of 3rd period - Wrist shot by Derek Roy.
8:48 of 3rd period - Shot Blocked by Trevor Daley.
9:47 of 3rd period - Wrist shot by Nino Niederreiter.
9:47 of 3rd period - Stopped by Jonathan Quick with a rebound.
9:49 of 3rd period - Snap shot by Nino Niederreiter.
9:49 of 3rd period - Shot Misses the Net.
9:51 of 3rd period - Snap shot by Nino Niederreiter.
9:51 of 3rd period - Stopped by Jonathan Quick without a rebound.
9:52 of 3rd period - Tim Connolly wins face-off versus Derek Stepan in Nordiques zone.
10:21 of 3rd period - Slapshot by Derek Roy.
10:21 of 3rd period - Stopped by Jonathan Quick with a rebound.
10:23 of 3rd period - Slapshot by Eric Gelinas.
10:23 of 3rd period - Stopped by Jonathan Quick without a rebound.
10:24 of 3rd period - David Legwand wins face-off versus Derek Roy in Nordiques zone.
10:26 of 3rd period - Icing by Ryan Ellis.
10:27 of 3rd period - Evander Kane wins face-off versus Adam Henrique in Nordiques zone.
11:13 of 3rd period - R.J. Umberger is hit by Nino Niederreiter and loses puck.
11:30 of 3rd period - Slapshot by Derek Roy.
11:30 of 3rd period - Stopped by Jonathan Quick without a rebound.
11:31 of 3rd period - Derek Stepan wins face-off versus David Legwand in Nordiques zone.
11:34 of 3rd period - Snap shot by Adam Henrique.
11:34 of 3rd period - Shot Blocked by Trevor Daley.
11:36 of 3rd period - Slapshot by Eric Gelinas.
11:36 of 3rd period - Stopped by Jonathan Quick without a rebound.
11:37 of 3rd period - David Legwand wins face-off versus Derek Stepan in Nordiques zone.
11:44 of 3rd period - Snap shot by Bobby Ryan.
11:44 of 3rd period - Stopped by Jonathan Quick with a rebound.
11:46 of 3rd period - Backhand shot by Adam Henrique.
11:46 of 3rd period - Shot Blocked by Trevor Daley.
11:48 of 3rd period - Wrist shot by Bobby Ryan.
11:48 of 3rd period - Stopped by Jonathan Quick with a rebound.
11:50 of 3rd period - Backhand shot by Bobby Ryan.
11:50 of 3rd period - Shot Misses the Net.
11:52 of 3rd period - Slapshot by Bobby Ryan.
11:52 of 3rd period - Shot Misses the Net.
11:54 of 3rd period - Wrist shot by Bobby Ryan.
11:54 of 3rd period - Stopped by Jonathan Quick with a rebound.
12:08 of 3rd period - Wrist shot by Ryan Johansen.
12:08 of 3rd period - Shot Misses the Net.
12:10 of 3rd period - Slapshot by Eric Gelinas.
12:10 of 3rd period - Stopped by Jonathan Quick with a rebound.
12:12 of 3rd period - Wrist shot by Marcus Johansson.
12:12 of 3rd period - Shot Misses the Net.
12:38 of 3rd period - Marco Scandella is hit by Tim Connolly and loses puck.
12:46 of 3rd period - Minor Penalty to R.J. Umberger for Interference.
12:47 of 3rd period - Vladimir Tarasenko wins face-off versus Derek Stepan in Nordiques zone.
12:53 of 3rd period - Minor Penalty to Adam Henrique for Roughing.
12:54 of 3rd period - Vladimir Tarasenko wins face-off versus Derek Stepan in Jets zone.
12:55 of 3rd period - Snap shot by Evander Kane.
12:55 of 3rd period - Shot Misses the Net.
13:17 of 3rd period - Minor Penalty to Jay Bouwmeester for Hooking.
13:18 of 3rd period - Vladimir Tarasenko wins face-off versus Derek Stepan in Nordiques zone.
14:29 of 3rd period - Icing by Oscar Klefbom.
14:30 of 3rd period - Derek Stepan wins face-off versus Evander Kane in Jets zone.
14:46 of 3rd period - Penalty to R.J. Umberger is over, R.J. Umberger is back on ice.
14:53 of 3rd period - Penalty to Adam Henrique is over, Adam Henrique is back on ice.
15:17 of 3rd period - Penalty to Jay Bouwmeester is over, Jay Bouwmeester is back on ice.
15:35 of 3rd period - Snap shot by Evander Kane.
15:35 of 3rd period - Stopped by Jonathan Bernier with a rebound.
15:37 of 3rd period - Snap shot by Evander Kane.
15:37 of 3rd period - Shot Blocked by Marco Scandella.
15:39 of 3rd period - Snap shot by Jay Bouwmeester.
15:39 of 3rd period - Stopped by Jonathan Bernier without a rebound.
15:40 of 3rd period - Tim Connolly wins face-off versus Sam Gagner in Jets zone.
15:51 of 3rd period - Snap shot by Ryan Strome.
15:51 of 3rd period - Shot Blocked by Dustin Byfuglien.
15:53 of 3rd period - Snap shot by Ryan Strome.
15:53 of 3rd period - Shot Misses the Net.
15:55 of 3rd period - Wrist shot by Jared Spurgeon.
15:55 of 3rd period - Deflect By R.J. Umberger.
15:55 of 3rd period - Stopped by Jonathan Quick with a rebound.
16:10 of 3rd period - Dustin Byfuglien is hit by Ronalds Kenins and loses puck.
16:17 of 3rd period - Nino Niederreiter is hit by David Legwand and loses puck.
16:47 of 3rd period - Oscar Klefbom is hit by Mike Brown and loses puck.
19:02 of 3rd period - Icing by Erik Haula.
19:03 of 3rd period - David Legwand wins face-off versus Adam Henrique in Jets zone.
Goals for this period are 1 for Nordiques vs 0 for Jets.
Shots for this period are 6 for Nordiques vs 16 for Jets.